 Dungeon Crawl Stone Soup version 0.13-a0-3104-gb5885e9 (webtiles) character file.

640 Malachi the Soul Tainter (level 6, 0/45 HPs)
             Began as a Demonspawn Death Knight on Sept 19, 2013.
             Was a Priest of Yredelemnul.
             Succumbed to poison (a potion of poison)
             ... on Level 4 of the Dungeon.
             The game lasted 00:07:51 (4329 turns).

Malachi the Soul Tainter (Demonspawn Death Knight)  Turns: 4329, Time: 00:07:51

HP   0/45        AC  8     Str 16      XL: 6   Next: 86%
MP  10/11        EV  8     Int 12      God: Yredelemnul [***...]
Gold 160         SH  0     Dex 12      Spells:  0 memorised,  5 levels left

Res.Fire  : . . .   See Invis. : .     - Unarmed
Res.Cold  : . . .   Warding    : .   r - +0 scale mail
Life Prot.: . . .   Conserve   : .   (no shield)
Res.Poison: .       Res.Corr.  : .   (no helmet)
Res.Elec. : .       Clarity    : .   e - +0 cloak
Sust.Abil.: . .     Spirit.Shd : +   (no gloves)
Res.Mut.  : .       Stasis     : .   (no boots)
Res.Rott. : .       Flight     : .   (no amulet)
Saprovore : . . .                    (no ring)
                                     (no ring)

@: very poisoned, very slightly contaminated, hasted, very quick, slightly
resistant to hostile enchantments, extremely unstealthy
A: claws 2, hooves 1, magic shield
a: Animate Dead, Recall Undead Slaves, Injury Mirror, Renounce Religion


You were on level 4 of the Dungeon.
You worshipped Yredelemnul.
Yredelemnul was greatly pleased with you.
You were not hungry.

You visited 1 branch of the dungeon, and saw 4 of its levels.

You collected 140 gold pieces.

Inventory:

Hand weapons
 a - a +1,+1 falchion
 d - a +2,+3 elven short sword of venom
Armour
 b - a +0 leather armour
 e - a +0 cloak (worn)
 r - a +0 scale mail (worn)
Magical devices
 h - a wand of magic darts (3)
 s - a wand of flame (13) {unknown}
Comestibles
 c - 3 bread rations
 i - a pear
 j - a chunk of worm flesh
 t - a meat ration
Scrolls
 f - 9 scrolls of identify {unknown}
 k - a scroll of enchant weapon II {unknown}
 l - a scroll of blinking {unknown}
 m - a scroll of enchant armour {unknown}
 p - 2 scrolls of noise {unknown}
 u - a scroll of curse weapon {unknown}
Potions
 g - a potion of confusion


   Skills:
 + Level 2.6 Fighting
 + Level 1.1 Short Blades
 + Level 2.1 Long Blades
 + Level 3.6 Armour
 + Level 3.8 Dodging
 + Level 0.4 Stealth
 + Level 1.7 Unarmed Combat
 + Level 4.5 Invocations
 + Level 0.2 Evocations


You had 5 spell levels left.
You didn't know any spells.

Dungeon Overview and Level Annotations

Branches:
Dungeon (4/27)
 Temple: D:4-7

Altars:
Kikubaaqudgha
Okawaru


Innate Abilities, Weirdness & Mutations

You have very sharp fingernails.
You have large cloven feet.
When hurt, damage is shared between your health and your magic reserves.


Message History

You feel sick.
You start resting.
* * * LOW HITPOINT WARNING * * *
You feel sick.
You start resting.
* * * LOW HITPOINT WARNING * * *
You feel sick.
You start resting.
* * * LOW HITPOINT WARNING * * *
You feel very sick.
You feel a little better.
You start resting.
* * * LOW HITPOINT WARNING * * *
You feel sick.
You start resting.
* * * LOW HITPOINT WARNING * * *
You feel sick.
You start resting.
You die...
Your body rises from the dead as a mindless zombie.

#.####.#.#####.##
................#
#.####...#####..#
#.# #.....####..#
#.####..........#
#........######.#
#######.## #.# #
#.# #.#### # #+#
#.@%.# # ####.# #
# # ### ..+ ### #
#


There were no monsters in sight!

Vanquished Creatures
  A centaur (D:3)
  2 orc priests
  A scorpion (D:4)
  2 orc wizards
  4 worker ants (D:4)
  Terence (D:3)
  A gnoll (D:2)
  5 adders
  A giant mite (D:3)
  A worm (D:4)
  2 giant geckos (D:1)
  An ooze (D:3)
  14 orcs
  A ball python (D:3)
  2 giant cockroaches
  10 hobgoblins
  8 kobolds
  2 bats
  5 goblins
  7 jackals
  12 rats
83 creatures vanquished.

Vanquished Creatures (collateral kills)
  A rat (D:1)
1 creature vanquished.

Vanquished Creatures (others)
  A toadstool (D:4)
1 creature vanquished.

Grand Total: 85 creatures vanquished

Notes
Turn   | Place    | Note
--------------------------------------------------------------
     0 | D:1      | Malachi, the Demonspawn Death Knight, began the quest for the Orb.
     0 | D:1      | Reached XP level 1. HP: 16/16 MP: 2/2
    48 | D:1      | Reached skill level 1 in Armour
    51 | D:1      | Reached skill level 4 in Invocations
   445 | D:1      | Gained mutation: When hurt, damage is shared between your health and your magic reserves. [demonic ancestry]
   445 | D:1      | Reached XP level 2. HP: 13/22 MP: 4/4
   700 | D:1      | Reached skill level 1 in Dodging
   742 | D:1      | Acquired Yredelemnul's second power
  1148 | D:2      | HP: 1/22 [jackal (1)]
  1156 | D:2      | HP: 1/22 [bat (1)]
  1170 | D:2      | HP: 1/22 [jackal (1)]
  1225 | D:2      | Reached XP level 3. HP: 6/27 MP: 6/6
  1523 | D:2      | Found an ancient bone altar of Kikubaaqudgha.
  2041 | D:2      | Found an iron altar of Okawaru.
  2299 | D:2      | Gained mutation: You have sharp fingernails. [demonic ancestry]
  2299 | D:2      | Reached XP level 4. HP: 34/34 MP: 8/8
  2562 | D:3      | Noticed Terence
  2592 | D:3      | Killed Terence
  2701 | D:3      | Noticed a centaur
  2717 | D:3      | Killed a centaur
  2717 | D:3      | Reached skill level 1 in Short Blades
  2717 | D:3      | Gained mutation: You have very sharp fingernails. [demonic ancestry]
  2717 | D:3      | Reached XP level 5. HP: 21/39 MP: 5/9
  3105 | D:3      | Reached skill level 1 in Unarmed Combat
  3394 | D:3      | Gained mutation: You have large cloven feet. [demonic ancestry]
  3394 | D:3      | Reached XP level 6. HP: 10/45 MP: 4/11
  3821 | D:4      | HP: 1/45 [orc/orcish spear (4)]
  3840 | D:4      | HP: 1/45 [orc/orcish spear (5)]
  4314 | D:4      | Acquired Yredelemnul's third power
  4327 | D:4      | HP: 2/45 [poison (a potion of poison)]
  4329 | D:4      | Succumbed to poison (a potion of poison)

Action                   |  1- 3 |  4- 6 || total
-------------------------+-------+-------++-------
Melee: Falchion          |    50 |       ||    50
       Short sword       |    86 |    18 ||   104
       Unarmed           |       |   232 ||   232
Invok: Animate Remains   |     1 |       ||     1
Evoke: Wand              |     7 |       ||     7
  Use: Potion            |       |     6 ||     6
